Match 41441766
Unlisted

Match 41441766
End
Construct Section Command Post
Selects Heavy Armor Battlegroup
Dingo Light Scout Car
Dingo Light Scout Car
Vickers Machine Gun Team
Vickers Machine Gun Team
Construct Platoon Command Post
Selects Light Vehicle Withdraw and Refit
Light Vehicle Withdraw and Refit
Unlock Bishop Self-propelled Artillery
Infantry Section
Bishop Self-propelled Artillery
Infantry Section
Light Vehicle Withdraw and Refit
Bishop Self-propelled Artillery
Selects Radio Net
6-pounder Anti-tank Gun Team
Bishop Self-propelled Artillery
Infantry Training
Construct Company Command Post
Selects Recon Artillery
Recon Artillery
Selects Rigorous Vehicle Training
Selects Forward Repair Assembly
Selects UNKNOWN (2162094)
Foot Guards Section
Recon Artillery
Churchill IV Heavy Tank
Recon Artillery
Recon Artillery
Bishop Self-propelled Artillery
Bishop Self-propelled Artillery
Recon Artillery
Recon Artillery
Arnie
Maniax
YO BOY ANT
Monkey Master of Monkeys
Mr.Faraam
AtzePong
Daspi
Plops
0
0

Comments sign in to comment!

No comments posted yet!